[Event "Late-Titled-Tuesday-Blitz-January-23-2024"]
[Site "Chess.com"]
[Date "2024.01.23"]
[Round "4"]
[White "jinxy2009"]
[Black "ninguno46"]
[Result "0-1"]
[WhiteElo "2225"]
[BlackElo "2578"]
[TimeControl "180+1"]
[EndTime "14:37:48 PST"]
[Termination "ninguno46 won by checkmate"]

1. e4 c5 2. Nf3 Nc6 3. d4 cxd4 4. Nxd4 Qb6 5. Nb3 Nf6 6. Nc3 e6 7. Qe2 Bb4 8. Bd2 O-O 9. O-O-O a5 10. Na4 Bxd2+ 11. Rxd2 Qb4 12. Nbc5 b6 13. c3 bxc5 14. cxb4 axb4 15. b3 Nd4 16. Qd3 d6 17. Kb2 Ng4 18.
Qg3 Nf6 19. Bd3 e5 20. Nb6 Ra7 21. Nxc8 Rxc8 22. f4 Rca8 23. Bb1 Nxe4 24. Qd3 Nc3 25. Kc1 e4 26. Qc4 e3 27. Rxd4 cxd4 28. Re1 Nxa2+ 29. Bxa2 Rxa2 30. Qxb4 Ra1+ 31. Kb2 R8a2# 0-1

[Event "Late-Titled-Tuesday-Blitz-January-23-2024"]
[Site "Chess.com"]
[Date "2024.01.23"]
[Round "4"]
[White "HanSchut"]
[Black "almaguerjm"]
[Result "0-1"]
[WhiteElo "2259"]
[BlackElo "2478"]
[TimeControl "180+1"]
[EndTime "14:37:49 PST"]
[Termination "almaguerjm won on time"]

1. e4 e5 2. Nf3 Nc6 3. Bc4 Nf6 4. d4 exd4 5. e5 d5 6. Bb5 Ne4 7. Nxd4 Bd7 8. Bxc6 bxc6 9. O-O Bc5 10. f3 Ng5 11.
Be3 Bb6 12. f4 Ne6 13. c3 c5 14. Nf3 Bb5 15. Re1 g6 16. a4 d4 17. cxd4 cxd4 18. Bf2 Bc6 19. a5 Bc5 20. b4 Bxb4 21. Rf1 Qd5 22.
f5 gxf5 23. Bh4 Rg8 24. Nbd2 Qxe5 25. Re1 Qg7 26. g3 Bc3 27. Qb3 Qh6 28. Rxe6+ fxe6 29. Re1 Bd7 30. Qb7 Bxd2 31. Qxa8+ Kf7 32. Qxa7 Bxe1 33.
Qxc7 Qe3+ 34. Kg2 Qe2+ 0-1

[Event "Late-Titled-Tuesday-Blitz-January-23-2024"]
[Site "Chess.com"]
[Date "2024.01.23"]
[Round "4"]
[White "Jenia84"]
[Black "aa175"]
[Result "0-1"]
[WhiteElo "2321"]
[BlackElo "2678"]
[TimeControl "180+1"]
[EndTime "14:37:50 PST"]
[Termination "aa175 won by checkmate"]

1. e4 e5 2. Nf3 Nc6 3. Bb5 a6 4.
Ba4 Bc5 5. d3 b5 6. Bb3 Nf6 7.
Qe2 O-O 8. Be3 Qe7 9. Nbd2 Bb7 10. Bxc5 Qxc5 11. c3 d5 12. O-O Rfe8 13. exd5 Na5 14. Ne4 Qb6 15. c4 Nxe4 16. Qxe4 bxc4 17. dxc4 Nxb3 18.
axb3 Qxb3 19. Ng5 g6 20. Ra3 Qxb2 21. Rh3 Qd4 22. Qf3 Qf4 23. Qxf4 exf4 24. Nxh7 Kg7 25. Ng5 Re5 26. Nf3 Re4 27. Rc1 Rae8 28. Kf1 a5 29. Nd2 Rd4 30. Nb3 Rde4 31. Nc5 Bc8 32. Ra3 Re2 33.
Rxa5 f3 34. Ra3 Bg4 35. Nd3 Rd2 36. Ne1 Ree2 37. Nxf3 Rxf2+ 38. Ke1 Rde2+ 39. Kd1 Rxg2 40. Rcc3 Rb2 41. Rab3 Ra2 42. Ra3 Rg1# 0-1

[Event "Late-Titled-Tuesday-Blitz-January-23-2024"]
[Site "Chess.com"]
[Date "2024.01.23"]
[Round "4"]
[White "Chessdreamer2020"]
[Black "GMG"]
[Result "0-1"]
[WhiteElo "2551"]
[BlackElo "2781"]
[TimeControl "180+1"]
[EndTime "14:37:52 PST"]
[Termination "GMG won by resignation"]

1. e4 c5 2. Nf3 e6 3. b3 Nc6 4. Bb5 Nge7 5. Bb2 a6 6. Bxc6 Nxc6 7. O-O d6 8. d4 cxd4 9. Nxd4 Bd7 10. Re1 Qg5 11. c4 Be7 12. Nf3 Qg6 13. Nc3 Rd8 14.
Na4 e5 15. Kh1 f5 16. exf5 Bxf5 17. Nb6 O-O 18. Nd5 Bg4 19. Re3 Bg5 20. Rc3 e4 21. h3 Bh5 22. g4 exf3 23. Rxf3 Qe4 24. Kg2 Bg6 25. Nc3 Qxf3+ 26. Qxf3 Rxf3 27. Kxf3 Rf8+ 28. Kg2 Bh4 29. f3 Ne5 30. Rf1 Bd3 31. Rd1 Rxf3 32. Rd2 Rg3+ 33. Kh1 Nf3 34. Rd1 Rxh3+ 35. Kg2 Rg3+ 36.
Kh1 Rxg4 37. Nd5 Be4 38. Ba3 Bxd5 39. cxd5 Rg6 40. Rf1 Bf2 41. Bxd6 Rxd6 42. Rxf2 Nd4 43. Rd2 Rxd5 44. Kg2 Kf7 45. Kf2 Ke6 46. Ke3 Nf5+ 47. Ke2 Rxd2+ 48. Kxd2 h5 0-1

[Event "Late-Titled-Tuesday-Blitz-January-23-2024"]
[Site "Chess.com"]
[Date "2024.01.23"]
[Round "4"]
[White "Squirlolz"]
[Black "Teidi96"]
[Result "1-0"]
[WhiteElo "2575"]
[BlackElo "2412"]
[TimeControl "180+1"]
[EndTime "14:37:52 PST"]
[Termination "Squirlolz won by checkmate"]

1. Nc3 d5 2. e4 dxe4 3. Nxe4 e5 4.
Nf3 Nc6 5. Bc4 Be7 6. O-O Nf6 7. Neg5 O-O 8. Nxf7 Rxf7 9. Ng5 Nd5 10. Nxf7 Kxf7 11. Qf3+ Ke6 12. d3 Bf6 13. Bd2 Ne7 14. Rfe1 Kf7 15. g4 h6 16. h4 g5 17. hxg5 hxg5 18. Bxg5 Kg6 19. Bxf6 Nxf6 20. g5 Ng4 21. Re4 Kxg5 22.
Rae1 Ng6 23. Qg3 Kh5 24. Bf7 Bf5 25. f3 Bxe4 26. Qxg4+ Kh6 27. Rxe4 Qf6 28. Qh3+ Kg7 29. Bxg6 Kxg6 30. Rg4+ Kf7 31. Qh7+ Kf8 32. Rg8# 1-0

[Event "Late-Titled-Tuesday-Blitz-January-23-2024"]
[Site "Chess.com"]
[Date "2024.01.23"]
[Round "4"]
[White "PawnEatingZombie"]
[Black "m_ezat"]
[Result "0-1"]
[WhiteElo "2113"]
[BlackElo "2449"]
[TimeControl "180+1"]
[EndTime "14:37:53 PST"]
[Termination "m_ezat won by resignation"]

1. e4 d5 2. exd5 c6 3. d4 cxd5 4. Bd3 Nc6 5. c3 Qc7 6. h3 Nf6 7.
Nf3 g6 8. O-O Bg7 9. Re1 O-O 10.
Nbd2 Bf5 11. Bxf5 gxf5 12. Nb3 Ne4 13. Bd2 e6 14. Nc1 Kh8 15. Nd3 Bf6 16. Bf4 Qb6 17. Nfe5 Nxe5 18. Nxe5 Qxb2 19. f3 Nxc3 20. Qd3 Rac8 21.
Nd7 Bg7 22. Nxf8 Rxf8 23. Rac1 Rc8 24. Bd2 Rc4 25. Bxc3 Qa3 26. Qd2 b5 27. Bb2 Qxa2 28.
Rxc4 bxc4 29. Rd1 a5 30. Bc3 Qb3 31. Ra1 a4 32. Qb2 Bf6 33. Qxb3 axb3 34. Kf1 Kg7 35. Ke2 Kg6 36. Ra7 Bg5 37. Kd1 Be3 38. g3 e5 39.
Ra6+ f6 40. dxe5 d4 41. Rxf6+ Kg7 42. Rxf5 dxc3 43. e6 c2+ 44. Ke2 c1=Q 45. e7 Qd2+ 0-1

[Event "Late-Titled-Tuesday-Blitz-January-23-2024"]
[Site "Chess.com"]
[Date "2024.01.23"]
[Round "4"]
[White "mfwagnerpeixoto"]
[Black "colegiodemadrid"]
[Result "0-1"]
[WhiteElo "2323"]
[BlackElo "2506"]
[TimeControl "180+1"]
[EndTime "14:37:54 PST"]
[Termination "colegiodemadrid won on time"]

1. g3 d5 2. Bg2 Nc6 3. d3 e5 4.
Nf3 h5 5. h4 Nf6 6. Bg5 Be7 7.
Nc3 Be6 8. Bxf6 Bxf6 9. O-O g5 10. hxg5 Bxg5 11. e4 d4 12. Nd5 Be7 13. c3 Bg4 14. Qa4 h4 15. Nxe5 Bd7 16. Nxd7 Qxd7 17. Nxe7 Kxe7 18. cxd4 Nxd4 19. Qxd7+ Kxd7 20. Bh3+ Kd6 21. Kg2 hxg3 22. fxg3 Nc2 23. Bf5 Nxa1 24. Rxa1 c5 25. a3 a5 26. Rf1 f6 27. Bh3 Rh6 28. Rf5 Re8 29. Rd5+ Kc7 30. Rxc5+ Kb6 31. Rf5 Re5 32. Rf4 Kc5 33. Kf3 Kd4 34. Bf5 Rh2 35. Rg4 Rd2 36. Rg7 Rxd3+ 37. Kg4 Rb3 38. Rd7+ Ke3 39. Rd6 Kf2 40.
Rxf6 Rxg3+ 41. Kf4 Rb5 42. b4 Rf3+ 43. Kg5 axb4 44.
axb4 Rxb4 45. Rf7 b5 46. Kg6 Rb1 47. e5 Rg1+ 48. Kf6 b4 49. e6 Re1 50. e7 Rfe3 0-1

[Event "Late-Titled-Tuesday-Blitz-January-23-2024"]
[Site "Chess.com"]
[Date "2024.01.23"]
[Round "4"]
[White "CarlosjPineror"]
[Black "egnfanclub"]
[Result "1-0"]
[WhiteElo "2607"]
[BlackElo "2359"]
[TimeControl "180+1"]
[EndTime "14:37:56 PST"]
[Termination "CarlosjPineror won by resignation"]

1. e4 e5 2. Nf3 Nc6 3. Bb5 a6 4. Ba4 d6 5. d3 f5 6. c3 Be7 7.
Nbd2 Nf6 8. h3 O-O 9. Qe2 f4 10.
Bb3+ Kh8 11. Ng5 Qe8 12. Ne6 Bxe6 13. Bxe6 Nd8 14. Bb3 b5 15. Nf3 c5 16. Bd2 a5 17.
a4 b4 18. Bc4 Qh5 19. Nh2 Rb8 20. Qxh5 Nxh5 21. Nf3 g5 22. Kd1 Ng7 23. Kc2 Nge6 24. Ng1 Kg7 25. f3 Kf6 26. h4 Kg6 27. hxg5 Nxg5 28.
Nh3 h6 29. Nf2 h5 30. Rh2 Rh8 31. Rah1 Ndf7 32. Nd1 Bf6 33. Be1 Rh7 34. Bh4 Rbh8 35. Nf2 Bd8 36. Bd5 Rh6 37. Kb3 R6h7 38. Nh3 Nxh3 39.
Rxh3 Bxh4 40. Rxh4 Ng5 41. Kc4 Rb8 42. R1h2 bxc3 43. Kxc3 Rb4 44. b3 Rh6 45. Bc4 Rh7 46. Kd2 Rh6 47. Ke2 Rb8 48. Kf2 Rbh8 49. g3 Nf7 50.
gxf4 exf4 51. Rxf4 Ne5 52. Rg2+ Kh7 53. Rf5 Rg6 54.
Rxh5+ Rh6 55. Rxh6+ Kxh6 56. Rh2+ 1-0

[Event "Late-Titled-Tuesday-Blitz-January-23-2024"]
[Site "Chess.com"]
[Date "2024.01.23"]
[Round "4"]
[White "UnTucopalaTimba"]
[Black "Charodej1"]
[Result "0-1"]
[WhiteElo "1940"]
[BlackElo "2269"]
[TimeControl "180+1"]
[EndTime "14:37:56 PST"]
[Termination "Charodej1 won on time"]

1. e4 d5 2. exd5 Qxd5 3. Nc3 Qa5 4. d4 Nf6 5. Nf3 c6 6. Bd2 Bg4 7. h3 Bh5 8. g4 Bg6 9. Bc4 Nbd7 10. g5 Nh5 11. Nh4 Qc7 12. Nxg6 hxg6 13. Qf3 e6 14.
O-O-O Bd6 15. Rhe1 Nb6 16. Bb3 O-O-O 17. Ne4 Bf4 18. Kb1 Bxd2 19. Rxd2 Qf4 20. Re3 Rhf8 21. a3 Nd5 22. Red3 Qc7 23. Nc5 Nhf4 24. Bxd5 Nxd3 25.
Qxd3 Rxd5 26. Qf3 Rfd8 27. Nb3 Kb8 28. h4 e5 29. c4 R5d7 30. Nc5 Rxd4 31. Re2 Rxc4 32.
Ne4 Rcd4 0-1

[Event "Late-Titled-Tuesday-Blitz-January-23-2024"]
[Site "Chess.com"]
[Date "2024.01.23"]
[Round "4"]
[White "nindjaxx8"]
[Black "OparinGrigoriy"]
[Result "0-1"]
[WhiteElo "2618"]
[BlackElo "3018"]
[TimeControl "180+1"]
[EndTime "14:37:57 PST"]
[Termination "OparinGrigoriy won on time"]

1. d4 f5 2. c4 Nf6 3. Nc3 d6 4. Nf3 g6 5. Bf4 Bg7 6. e3 O-O 7. Be2 Qe8 8. Bg3 Nc6 9. O-O Bd7 10. Qb3 Rb8 11. c5+ Kh8 12. cxd6 cxd6 13. Rac1 h6 14. Qa3 Nh5 15. Nd5 Nxg3 16. hxg3 e6 17. Nc7 Qe7 18.
Nb5 e5 19. dxe5 dxe5 20. Nh4 Kh7 21. Rfd1 Qxa3 22. bxa3 Rfd8 23. Bc4 Be8 24. Nd6 Na5 25. Be6 Ba4 26. Rd5 Bc6 27. Rdd1 Bf8 28. Nf7 Rxd1+ 29. Rxd1 Re8 30. Bd7 Re7 31. Bxc6 Nxc6 32. Nd8 e4 33. Nxc6 bxc6 34. Rd8 Rf7 35. Rc8 g5 36. Nxf5 Rxf5 37. Rxc6 a5 38. Re6 Bxa3 39. Rxe4 Bb4 40. Re6 Rd5 41.
Ra6 Rd1+ 42. Kh2 Rd2 43. Kh3 Rxf2 44. Kg4 Rxg2 45. a4 Kg7 46. Kf5 Rf2+ 47. Kg4 Be1 48.
Kh5 Rh2+ 49. Kg4 Rg2 50. Kf5 Rxg3 51. Ra7+ Kf8 52. Kf6 Ke8 0-1

[Event "Late-Titled-Tuesday-Blitz-January-23-2024"]
[Site "Chess.com"]
[Date "2024.01.23"]
[Round "4"]
[White "ural58"]
[Black "Blackwhite017"]
[Result "1-0"]
[WhiteElo "2456"]
[BlackElo "2084"]
[TimeControl "180+1"]
[EndTime "14:37:57 PST"]
[Termination "ural58 won on time"]

1. e4 c5 2. b3 Nc6 3. Bb2 e5 4. f4 exf4 5. Qf3 Qh4+ 6. g3 fxg3 7.
hxg3 Qe7 8. Bc4 Nf6 9. Bxf6 Qxf6 10. Qxf6 gxf6 11. Nc3 Ne7 12. Nge2 Bg7 13. Nf4 f5 14. O-O-O Bxc3 15. dxc3 fxe4 16. Rd6 Nf5 17. Rf6 Nxg3 18. Bxf7+ Kd8 19. Rg1 d5 20. Rxg3 d4 21. cxd4 cxd4 22. Bd5 Ke7 23. Rf7+ Ke8 24. Rgg7 Rf8 25. Re7+ Kd8 26.
Ne6+ Bxe6 27. Rxe6 e3 28. Rd6+ Ke8 29. Bxb7 Rf1+ 30.
Kb2 e2 31. Re6+ Kf8 32. Rge7 1-0

[Event "Late-Titled-Tuesday-Blitz-January-23-2024"]
[Site "Chess.com"]
[Date "2024.01.23"]
[Round "4"]
[White "AlexSuv"]
[Black "MikaelyanArman"]
[Result "0-1"]
[WhiteElo "2572"]
[BlackElo "2846"]
[TimeControl "180+1"]
[EndTime "14:37:58 PST"]
[Termination "MikaelyanArman won by resignation"]

1. d4 Nf6 2. Bg5 Ne4 3. h4 c5 4. d5 Qb6 5. Nd2 Nxd2 6. Bxd2 Qxb2 7. Nf3 d6 8. e4 Qb6 9. Rb1 Qc7 10. h5 h6 11. Bc3 Nd7 12. Bc4 Nf6 13. e5 Ne4 14.
Ba1 a6 15. Qe2 Bf5 16. g4 Bh7 17. Bd3 Ng5 18. Nxg5 Bxd3 19. Qxd3 hxg5 20. exd6 exd6 21. O-O O-O-O 22. Rb3 c4 23. Qf5+ Qd7 24. Rf3 Qxf5 25. Rxf5 f6 26. Re1 Kd7 27. a4 Be7 28. Rf3 Rhe8 29.
Rb1 Rb8 30. a5 Bd8 31. Bc3 Re4 32. Rg3 Re2 33. Rb2 b5 34. Kf1 Re4 35. f3 Re3 36.
Bb4 Bc7 37. c3 Rbe8 38. Kf2 Rd3 39. Re2 Rxe2+ 40. Kxe2 Rxd5 41. h6 gxh6 42. Rh3 Re5+ 43. Kf2 Bb8 44. Rxh6 Ba7+ 45. Kf1 Bc5 46. Rxf6 Bxb4 47.
cxb4 c3 48. Rf7+ Re7 49. Rxe7+ Kxe7 50. Ke2 d5 51. Kd3 d4 52. Kc2 Ke6 53. Kd3 Ke5 54.
Kc2 Kf4 0-1

[Event "Late-Titled-Tuesday-Blitz-January-23-2024"]
[Site "Chess.com"]
[Date "2024.01.23"]
[Round "4"]
[White "NitaLucian"]
[Black "katharinareinecke"]
[Result "1-0"]
[WhiteElo "2306"]
[BlackElo "2008"]
[TimeControl "180+1"]
[EndTime "14:37:58 PST"]
[Termination "NitaLucian won on time"]

1. e4 c6 2. d3 d5 3. Nd2 Nf6 4.
Ngf3 Bg4 5. Be2 e6 6. O-O Be7 7. Ne1 Bxe2 8. Qxe2 O-O 9. e5 Nfd7 10. Ndf3 c5 11.
c3 Nc6 12. Bf4 b5 13. Nc2 a5 14. Rfe1 b4 15. Ne3 bxc3 16. bxc3 d4 17. cxd4 Nxd4 18. Nxd4 cxd4 19. Nc4 Bb4 20. Rec1 Bc3 21. Rab1 Rb8 22. Qg4 g6 23. Bg5 Qc7 24. Bf6 Rxb1 25. Rxb1 Rb8 26.
Rd1 Nxf6 27. exf6 Qd8 28. Qg5 h6 29. Qe5 Ra8 30. h4 Qd5 31. Qxd5 exd5 32. Nb6 Ra6 33. Rb1 Kh7 34. Nxd5 Rd6 35. Rb5 g5 36. h5 Bd2 37. g4 Kg8 38. Kg2 a4 39. Kf3 Re6 40. Ne7+ Kh7 41. Nd5 Kg8 42. Rb8+ Kh7 43. Rf8 Be1 44.
Rxf7+ Kg8 45. Rg7+ Kf8 46. Rg6 Kf7 47. Rxh6 Rd6 48.
Rh7+ Ke6 49. Nc7+ 1-0

[Event "Late-Titled-Tuesday-Blitz-January-23-2024"]
[Site "Chess.com"]
[Date "2024.01.23"]
[Round "4"]
[White "ccccvhhhj"]
[Black "IraZyne"]
[Result "1-0"]
[WhiteElo "2496"]
[BlackElo "2208"]
[TimeControl "180+1"]
[EndTime "14:38:00 PST"]
[Termination "ccccvhhhj won by resignation"]

1. e4 Nf6 2. e5 Nd5 3. d4 d6 4. Bc4 c6 5. exd6 Qxd6 6. Nf3 Bg4 7. O-O e6 8. Nbd2 Be7 9. Ne4 Qc7 10. a3 Nd7 11. Bd3 O-O 12. c4 Nf4 13. Bc2 Rad8 14. Be3 Nf6 15. Ng3 c5 16. Qd2 Nh3+ 17. gxh3 Bxf3 18. Bf4 Qb6 19. Be5 g6 20. Bxf6 Bxf6 21. Qf4 Bxd4 22. Qxf3 Qxb2 23. Be4 b6 24. Rab1 Qd2 25. h4 f5 26. Bc6 Qh6 27. h5 f4 28.
Ne4 Qxh5 29. Qxh5 gxh5 30. Kh1 Kg7 31. Rg1+ Kh6 32. Ng5 Rf6 33. Ne4 Rg6 34. Rxg6+ hxg6 35. Kg2 g5 36. Kf3 Kg6 37. a4 Kf5 38. a5 g4+ 39. Ke2 Rd6 40. Bb7 Rd7 41. a6 Rg7 42.
Nd6+ Ke5 43. Nb5 h4 44. Nxa7 g3 45. fxg3 hxg3 46. hxg3 fxg3 47. Nc6+ Ke4 48. Nxd4+ Kxd4 49. a7 Rg8 50. a8=Q Rxa8 51. Bxa8 Kxc4 52. Rxb6 e5 53. Rg6 1-0

[Event "Late-Titled-Tuesday-Blitz-January-23-2024"]
[Site "Chess.com"]
[Date "2024.01.23"]
[Round "4"]
[White "MyDream003"]
[Black "PabloZarnicki"]
[Result "1-0"]
[WhiteElo "2848"]
[BlackElo "2579"]
[TimeControl "180+1"]
[EndTime "14:38:01 PST"]
[Termination "MyDream003 won on time"]

1. e4 e5 2. Nf3 Nf6 3. Nxe5 d6 4.
Nf3 Nxe4 5. d4 d5 6. Bd3 Nc6 7. c3 Be7 8. h3 O-O 9. O-O Bf5 10.
Re1 Bg6 11. Bf4 Bd6 12. Bxd6 Qxd6 13. Qc2 Rfe8 14. Nbd2 Nxd2 15. Qxd2 Kf8 16. Nh2 Rxe1+ 17. Rxe1 Re8 18. Rxe8+ Kxe8 19. Bb5 Kf8 20. Bxc6 Qxc6 21. Ng4 f6 22. Qf4 Qd7 23. Ne3 a6 24. g4 Bf7 25.
Kg2 Be6 26. h4 h6 27. g5 hxg5 28. hxg5 Ke7 29. Qh4 fxg5 30. Qxg5+ Kf7 31. f4 Qe7 32. Qe5 c6 33. Kg3 Qf6 34. Qc7+ Qe7 35. Qxe7+ Kxe7 36. f5 Bf7 37. Kf4 g6 38. Ke5 b6 39. f6+ Kd7 40.
Ng4 g5 41. Kf5 Be6+ 42. Kxg5 1-0

[Event "Late-Titled-Tuesday-Blitz-January-23-2024"]
[Site "Chess.com"]
[Date "2024.01.23"]
[Round "4"]
[White "dmitrijiIM"]
[Black "pr1105"]
[Result "1-0"]
[WhiteElo "2910"]
[BlackElo "2310"]
[TimeControl "180+1"]
[EndTime "14:38:01 PST"]
[Termination "dmitrijiIM won on time"]

1. d4 Nf6 2. c4 e6 3. Nc3 Bb4 4. e3 O-O 5. Bd2 d5 6. Nf3 b6 7. cxd5 exd5 8. Rc1 Re8 9. Bd3 Bb7 10.
O-O Nbd7 11. Nb5 Bxd2 12. Qxd2 a6 13. Nxc7 Ne4 14. Qe2 Re6 15. Nxe6 fxe6 16. Bxe4 dxe4 17. Nd2 e5 18. d5 Nc5 19. Nc4 Nd3 20. Rc2 Bxd5 21. a3 Rc8 22. b3 b5 23. Na5 Rxc2 24.
Qxc2 Qxa5 25. Qc8+ Kf7 26. Qd7+ Kf6 27. Qxd5 Qxa3 28.
Qxe4 Qxb3 29. Qc6+ Kf7 30. Qxa6 b4 31. Qb7+ Kg6 32.
Qc6+ Kf7 33. Ra1 h6 34. h4 Qc3 35. Ra7+ Kg8 36. Qxc3 bxc3 37. Rc7 Nc1 38. Kf1 Na2 39.
Ke2 e4 40. Rc4 Kf7 41. Kd1 Ke6 42. Rxe4+ Kd5 43. Rd4+ Kc5 44. Kc2 g5 45. hxg5 hxg5 46. Rg4 Kc6 47. Rxg5 1-0

[Event "Late-Titled-Tuesday-Blitz-January-23-2024"]
[Site "Chess.com"]
[Date "2024.01.23"]
[Round "4"]
[White "TheMagician"]
[Black "DonJuan_34"]
[Result "0-1"]
[WhiteElo "2125"]
[BlackElo "2386"]
[TimeControl "180+1"]
[EndTime "14:38:01 PST"]
[Termination "DonJuan_34 won by resignation"]

1. d4 Nf6 2. Nf3 g6 3. g3 Bg7 4.
Bg2 O-O 5. c4 d6 6. O-O Nbd7 7.
Nc3 e5 8. dxe5 dxe5 9. Qc2 c6 10.
Rd1 Qc7 11. Bg5 h6 12. Bxf6 Nxf6 13. Rac1 Bf5 14. e4 Be6 15. Qe2 Rfd8 16. Nd5 Nxd5 17.
cxd5 Bg4 18. h3 Bxf3 19. Qxf3 Qb6 20. dxc6 bxc6 21. b3 Bf8 22. Bf1 Rxd1 23. Rxd1 Rd8 24. Rxd8 Qxd8 25. Bc4 Qe7 26. h4 Kg7 27. h5 gxh5 28.
Qxh5 Qf6 29. Qg4+ Kh8 30. Kg2 Bc5 31. f3 Bb6 32. f4 exf4 33. gxf4 Qg6 34. Kf3 h5 35. Qd7 Kg7 36. e5 h4 37. Qg4 Qxg4+ 38.
Kxg4 Be3 39. f5 Bd4 40. f6+ Kf8 41. Kf5 h3 42. Bf1 h2 43. Bg2 c5 44. Bd5 Ke8 45.
a4 Kd7 46. e6+ fxe6+ 47. Bxe6+ Kd6 48. f7 Bg7 49. Bd5 Kxd5 50. Kg6 Bf8 51. Kh7 h1=Q+ 52. Kg8 Qh6 0-1

[Event "Late-Titled-Tuesday-Blitz-January-23-2024"]
[Site "Chess.com"]
[Date "2024.01.23"]
[Round "4"]
[White "ChessBrainiacOnTwitch"]
[Black "Noki102"]
[Result "0-1"]
[WhiteElo "2774"]
[BlackElo "2452"]
[TimeControl "180+1"]
[EndTime "14:38:03 PST"]
[Termination "Noki102 won by checkmate"]

1. Nf3 d5 2. g3 Bg4 3. Bg2 e6 4. d3 Nd7 5. Nbd2 Bd6 6. O-O Ne7 7.
e4 c6 8. Re1 O-O 9. c3 h6 10.
d4 Rc8 11. h3 Bh5 12. Qe2 c5 13. e5 Bb8 14. g4 Bg6 15. Nh4 Bh7 16. f4 Nc6 17.
Nhf3 cxd4 18. cxd4 Qb6 19. Nb3 Nb4 20. f5 Nc2 21. f6 Nxe1 22. Qxe1 gxf6 23. Bxh6 Rfe8 24. exf6 Nxf6 25. Ng5 Qd6 26. Nf3 Qg3 27. Qe3 Rc2 28. Nbd2 Ne4 29. Rf1 Rec8 30. Rd1 Rxd2 31. Nxd2 Qh2+ 32.
Kf1 Ng3+ 33. Kf2 Ne4+ 34. Nxe4 Bxe4 35. Rg1 Rc2+ 36. Ke1 Qg3+ 37. Qxg3 Bxg3+ 38. Kf1 Bd3# 0-1

[Event "Late-Titled-Tuesday-Blitz-January-23-2024"]
[Site "Chess.com"]
[Date "2024.01.23"]
[Round "4"]
[White "Harsha_Bharathakoti"]
[Black "Polish_fighter3000"]
[Result "0-1"]
[WhiteElo "2908"]
[BlackElo "3095"]
[TimeControl "180+1"]
[EndTime "14:38:04 PST"]
[Termination "Polish_fighter3000 won by resignation"]

1. Nf3 Nf6 2. c4 c6 3. Nc3 d5 4.
e3 e6 5. b3 Bd6 6. Bb2 O-O 7.
Be2 e5 8. cxd5 e4 9. Nd4 cxd5 10. d3 a6 11. dxe4 dxe4 12. O-O Qe7 13. Qc2 h5 14.
Rfd1 b5 15. Qd2 Rd8 16. Qe1 Qe5 17. g3 h4 18. Rd2 Qe8 19. Rad1 Bf8 20. Bf1 Bg4 21.
Be2 Ra7 22. Bxg4 Nxg4 23. Qe2 Nf6 24. Nc2 Rad7 25. Rxd7 Nbxd7 26. Nd5 Nxd5 27. Rxd5 Rc8 28. Qd1 Nc5 29. Ne1 Qe6 30. Kg2 h3+ 31. Kg1 Nd3 32. Rxd3 exd3 33. Qxd3 Qc6 34. f3 Bb4 35. Kf2 Bxe1+ 36.
Kxe1 Qxf3 0-1

[Event "Late-Titled-Tuesday-Blitz-January-23-2024"]
[Site "Chess.com"]
[Date "2024.01.23"]
[Round "4"]
[White "mbojan"]
[Black "DrCeltic"]
[Result "1-0"]
[WhiteElo "2877"]
[BlackElo "2601"]
[TimeControl "180+1"]
[EndTime "14:38:06 PST"]
[Termination "mbojan won by checkmate"]

1. e4 c5 2. Nf3 e6 3. d4 cxd4 4. Nxd4 Nf6 5. Nc3 d6 6. g4 h6 7.
h4 Nc6 8. Be3 d5 9. exd5 Nxd5 10.
Nxd5 Qxd5 11. Rg1 Bd7 12. Bg2 Qa5+ 13. c3 Be7 14. Qb3 O-O 15. Qxb7 Nxd4 16. Bxd4 Rad8 17.
Qxa7 Qb5 18. O-O-O Rb8 19. b3 e5 20. Be3 Bxg4 21.
Qxe7 Bxd1 22. Rxd1 Qa5 23. Kb2 Qb5 24. Qc5 Qe2+ 25.
Rd2 Qg4 26. Bd5 Qxh4 27. c4 Qf6 28. Qc6 Qf5 29. Be4 Qg4 30. Bf3 Qf5 31. Bd5 Rfc8 32. Qa6 h5 33. c5 h4 34. c6 Qf6 35. Be4 h3 36. f3 Qh4 37. Qe2 Rd8 38. Rc2 Rbc8 39.
Qh2 Rd6 40. c7 Rd7 41. Qxe5 Rcxc7 42. Qe8# 1-0

[Event "Late-Titled-Tuesday-Blitz-January-23-2024"]
[Site "Chess.com"]
[Date "2024.01.23"]
[Round "4"]
[White "SaqoChess_Twitch"]
[Black "MetiForce"]
[Result "0-1"]
[WhiteElo "2623"]
[BlackElo "2849"]
[TimeControl "180+1"]
[EndTime "14:38:07 PST"]
[Termination "MetiForce won by resignation"]

1. d4 Nf6 2. c4 e6 3. Nc3 d5 4. Bg5 Be7 5. Nf3 O-O 6. e3 Nbd7 7. cxd5 Nxd5 8. Bxe7 Qxe7 9. Nxd5 exd5 10. Bd3 c6 11. O-O Re8 12. Qc2 Nf8 13. Rab1 a5 14. a3 Bg4 15.
Ne5 Bh5 16. b4 f6 17. Nf3 Bxf3 18. gxf3 axb4 19. axb4 Qf7 20. b5 Qh5 21. bxc6 bxc6 22. Qxc6 Qxf3 23. Rb5 Rad8 24. Qc7 Qh5 25. Qg3 f5 26. Rb7 Rd7 27. Rxd7 Nxd7 28. Bb5 Re6 29. Bxd7 Rg6 30. Be6+ Kf8 31. Bxd5 f4 32. exf4 Qxd5 33.
Re1 Qxd4 34. Re3 Qxf4 35. Qxg6 hxg6 36. Rg3 g5 37. Re3 Kg8 38. Rg3 Kf7 39. Re3 g4 40. Rg3 Ke6 41. Re3+ Kd5 42. Rg3 Kd4 43.
Re3 g5 44. Rg3 Qf3 45. Rxf3 gxf3 46. h3 Kd3 47. Kh1 Kd2 48. Kh2 Ke1 49. Kg3 Ke2 50.
Kg4 Kxf2 51. Kxg5 Kg3 52. h4 f2 53. h5 f1=Q 54. h6 Qf4+ 55. Kg6 Qd4 56. Kh7 Qf6 0-1

[Event "Late-Titled-Tuesday-Blitz-January-23-2024"]
[Site "Chess.com"]
[Date "2024.01.23"]
[Round "4"]
[White "Actuary44"]
[Black "carloseduar100"]
[Result "1/2-1/2"]
[WhiteElo "2479"]
[BlackElo "2309"]
[TimeControl "180+1"]
[EndTime "14:38:07 PST"]
[Termination "Game drawn by repetition"]

1. e4 e6 2. d4 d5 3. e5 c5 4.
dxc5 Nc6 5. f4 Bxc5 6. Nf3 Nge7 7. Bd3 a6 8. Nc3 b5 9. Qe2 Qb6 10. Bd2 Bd7 11. O-O-O Nd4 12. Nxd4 Bxd4 13. f5 b4 14. fxe6 fxe6 15. Nb1 a5 16. Qg4 a4 17. Qxg7 Rg8 18.
Qxh7 b3 19. cxb3 axb3 20. a3 Rxg2 21. Nc3 Qc5 22. Kb1 Rxa3 23. bxa3 Qxa3 24. Qh8+ Rg8 25.
Qh5+ Kd8 26. Bc1 Qa5 27. Bb2 Bxc3 28. Bxc3 Qxc3 29. Qe2 Nc6 30. Qb2 Qb4 31. Rhg1 Rxg1 32. Rxg1 Kc7 33. Rc1 Qf4 34. Qxb3 Qxe5 35. Bb5 Qxh2 36.
Bxc6 Bxc6 37. Qa4 Qd6 38. Qa7+ Kd8 39. Qb6+ Kd7 40. Qa7+ Qc7 41. Qxc7+ Kxc7 42. Kc2 Kd6 43. Kc3 e5 44. Rg1 d4+ 45. Kd3 Kd5 46. Rg5 Bb5+ 47.
Kd2 Bd7 48. Kd3 Bb5+ 49. Kd2 Bd7 50. Kd3 Bb5+ 1/2-1/2

[Event "Late-Titled-Tuesday-Blitz-January-23-2024"]
[Site "Chess.com"]
[Date "2024.01.23"]
[Round "4"]
[White "xakevicius91"]
[Black "jamengrand"]
[Result "1-0"]
[WhiteElo "2552"]
[BlackElo "2263"]
[TimeControl "180+1"]
[EndTime "14:38:08 PST"]
[Termination "xakevicius91 won on time"]

1. e4 e5 2. Nf3 Nc6 3. d4 exd4 4. Nxd4 Nf6 5. Nxc6 bxc6 6. Qe2 Qe7 7. Nc3 g6 8.
Bg5 h6 9. Bf4 d6 10. O-O-O Bg7 11. Qd2 g5 12. Bg3 Rb8 13. Bc4 Be6 14. Bb3 a5 15.
Rhe1 Nh5 16. Nd5 cxd5 17. exd5 a4 18. Bxa4+ Kf8 19. Bb3 Nxg3 20. dxe6 Nf5 21. exf7 Qf6 22. c3 Rxb3 23. axb3 Qxf7 24. Qd5 Qxd5 25. Rxd5 Ne7 26. Ra5 Kf7 27. Ra7 Rc8 28. g3 Nc6 29. Rb7 Ne5 30.
Kc2 Nf3 31. Rh1 Ke6 32. Kd3 Kd7 33. Ke2 g4 34. h3 Re8+ 35. Kd3 Kc6 36. Rb4 Ne1+ 37.
Kd2 Nf3+ 38. Kd1 gxh3 39. Rf4 Ng5 40. Rg4 Ra8 41. Kc2 Re8 42. f4 Nf3 43. Rxh3 Re2+ 44. Kd1 Re1+ 45. Kc2 Bf6 46. Rxh6 Bd8 47. Rh8 Be7 48.
Re8 Re2+ 49. Kd3 Re1 50. Rg7 Bf6 51. Rgg8 Rb1 52. g4 Rxb2 53. g5 Bxg5 54. fxg5 1-0

[Event "Late-Titled-Tuesday-Blitz-January-23-2024"]
[Site "Chess.com"]
[Date "2024.01.23"]
[Round "4"]
[White "Sl4werThanYou"]
[Black "GMBenjaminBok"]
[Result "1-0"]
[WhiteElo "2651"]
[BlackElo "2880"]
[TimeControl "180+1"]
[EndTime "14:38:10 PST"]
[Termination "Sl4werThanYou won by checkmate"]

1. Nf3 d5 2. d4 Nf6 3. c4 e6 4. cxd5 exd5 5. Qc2 c6 6. Bg5 h6 7. Bh4 Be7 8. e3 O-O 9. Nc3 a5 10. Bd3 Na6 11. a3 Re8 12. O-O Nc7 13. Ne5 Ng4 14.
Bg3 Bd6 15. Nxg4 Bxg4 16. Rfe1 Bxg3 17. hxg3 h5 18. f3 Be6 19. Qf2 g6 20. Re2 Kg7 21. Rae1 Qe7 22. Bb1 Rad8 23. Na4 Qd6 24. Nc5 Bc8 25.
Nd3 b6 26. Rc2 Ne6 27. Rec1 Bb7 28. Ne5 c5 29. f4 Rc8 30. f5 Ng5 31. Rd2 cxd4 32.
Rxc8 Rxc8 33. Qf4 Rc1+ 34. Kh2 Rxb1 35. fxg6 f6 36. exd4 Ne4 37. Rc2 Rd1 38. Qf5 Rxd4 39. Qxh5 Ng5 40. Nf7 Nxf7 41. Qh7+ Kf8 42. Qxf7# 1-0